 Dungeon Crawl Stone Soup version 0.27-a0-334-g52645efa06 (webtiles) character file.

Game seed: 3512186533013412551

47821 namelastname112 the Black Belt (level 14, -18/122 (132) HPs)
             Began as a Yellow Draconian Monk on Feb 13, 2021.
             Was an Elder of Ru.
             Demolished by an orc warrior
             ... wielding a +0 halberd
             ... led by an orc knight
              (22 damage)
             ... on level 15 of the Dungeon.
             The game lasted 00:28:18 (25776 turns).

namelastname112 the Black Belt (DrMo)              Turns: 25776, Time: 00:28:19

HP:   -18/122 (132) AC: 10    Str: 13    XL:     14   Next: 10%
MP:   22/22         EV: 23    Int: 16    God:    Ru [****..]
Gold: 891           SH:  0    Dex: 20    Spells: 24/24 levels left

rFire    + . .     SeeInvis .     - Unarmed
rCold    + . .     Faith    .   (no shield)
rNeg     + . .     Spirit   .   (armour unavailable)
rPois    +         Reflect  .   v - -2 hat of the Alchemist {rElec rPois rF+ rC+ rN+ Will+ rMut rCorr}
rElec    +         Harm     .   t - +2 cloak {rPois}
rCorr    +         Rampage  .   (no gloves)
rMut     +                      m - +0 pair of boots
Will     +++..                  A - amulet of the acrobat
Stlth    ..........             L - ring of Fytoen {Wiz Int+4 Dex+4}
HPRegen  0.30/turn              F - ring of willpower
MPRegen  0.18/turn

@: no potions, drained
A: spit acid, unfitting armour, clumsy 1, screaming 1, acidic bite,
cold-blooded, inability to drink while threatened, no stealth, no conjurations
magic, no hexes magic, no poison magic, acid resistance, AC +8
a: Breathe Acid, Renounce Religion, Draw Out Power, Power Leap


You were on level 15 of the Dungeon.
You worshipped Ru.
Ru was greatly pleased with you.
You visited 2 branches of the dungeon, and saw 16 of its levels.
You also visited: Ice Cave.

You collected 891 gold pieces.

Inventory:

Missiles
 e - 13 curare-tipped darts (quivered)
Armour
 m - a +0 pair of boots (worn)
 t - a +2 cloak of poison resistance (worn)
 v - the -2 hat of the Alchemist (worn) {rElec rPois rF+ rC+ rN+ Will+ rMut rCorr}
   (You found it on level 4 of the Dungeon)

   It protects you from fire.
   It protects you from cold.
   It insulates you from electricity.
   It protects you from poison.
   It protects you from negative energy.
   It affects your willpower, your defense against some magical effects.
   It provides partial protection from all sources of acid and corrosion.
   It protects you from mutation.
Jewellery
 w - a ring of fire
 A - an amulet of the acrobat (around neck)
 E - a ring of fire
 F - a ring of willpower (right hand)
 K - a ring of magical power
 L - the ring of Fytoen (left hand) {Wiz Int+4 Dex+4}
   (You found it in an ice cave)

   [ring of wizardry]

   It improves your spell success rate.
   It affects your intelligence (+4).
   It affects your dexterity (+4).
Wands
 d - a wand of polymorph (24)
 f - a wand of acid (8)
 i - a wand of charming (13)
 r - a wand of flame (24)
 y - a wand of paralysis (24)
 B - a wand of random effects (44)
Scrolls
 a - 8 scrolls of identify
 c - 6 scrolls of immolation
 g - 2 scrolls of enchant weapon
 u - 3 scrolls of fog
 x - a scroll of enchant armour
 z - 2 scrolls of amnesia
 G - a scroll of magic mapping
Potions
 b - 4 potions of might
 h - a potion of ambrosia
 j - 3 potions of brilliance
 k - 3 potions of haste
 l - a potion of curing
 n - 2 potions of mutation
 p - a potion of attraction
 q - 2 potions of magic
 s - 3 potions of flight
 C - 5 potions of heal wounds
 D - a potion of resistance {unknown}
 I - 2 potions of lignification {unknown}
 J - a potion of cancellation {unknown}


   Skills:
 + Level 14.0 Fighting
 + Level 12.0 Dodging
 + Level 15.1 Unarmed Combat
 - Level 5.6 Spellcasting


You had 24 spell levels left.
You didn't know any spells.
Your spell library contained the following spells:

 Spells                   Type           Power        Failure   Level
 Freeze                   Ice            16%          6%          1
 Frozen Ramparts          Ice            8%           17%         3
 Ozocubu's Armour         Ice            4%           17%         3
 Summon Ice Beast         Ice/Summ       4%           47%         4
 Ignition                 Fire           2%           100%        8
 Shatter                  Erth           2%           100%        9
 Tornado                  Air            2%           100%        9
 Corona                   Hex            Unusable     N/A         1
 Ensorcelled Hibernation  Hex/Ice        Unusable     N/A         2
 Confusing Touch          Hex            Unusable     N/A         3
 Dazzling Flash           Conj/Hex       Unusable     N/A         3
 Static Discharge         Conj/Air       Unusable     N/A         3
 Tukima's Dance           Hex            Unusable     N/A         3
 Cause Fear               Hex            Unusable     N/A         4
 Hailstorm                Conj/Ice       Unusable     N/A         4
 Lightning Bolt           Conj/Air       Unusable     N/A         5
 Silence                  Hex/Air        Unusable     N/A         5
 Yara's Violent Unravell  Hex/Tmut       Unusable     N/A         5
 Discord                  Hex            Unusable     N/A         8

Dungeon Overview and Level Annotations

Branches:
Dungeon (15/15)            Temple (1/1) D:5            Lair (0/6) D:8
    Orc (0/2) D:10         Vaults (0/5) D:14         Depths (0/5) D:15
  IceCv (visited)

Altars:
Ashenzari
Hepliaklqana
Makhleb
Nemelex Xobeh
Ru
Uskayaw
Wu Jian
The Shining One

Annotations:
D:6 2 transporters
D:9 1 runed translucent door, wakim's ghost, novice OpVM
D:13 3 runed translucent doors, bmj180's ghost, adept DrCj


Innate Abilities, Weirdness & Mutations

You can spit globs of acid.
Your golden yellow scales are hard. (AC +8)
You cannot fit into any form of body armour.
You are clumsy. (Dex -2)
You occasionally shout uncontrollably at your foes.
You have acidic saliva.
You are cold-blooded and may be slowed by cold attacks.
You cannot drink potions while threatened.
You cannot be stealthy.
You cannot study or cast Conjurations magic.
You cannot study or cast Hexes magic.
You cannot study or cast Poison magic.
You are resistant to acid. (rCorr)


Message History

The kobold demonologist gestures wildly while chanting!
The orc warrior completely misses you! The hellwing closely misses you!
The hellwing misses you!
You cannot drink potions in your current state!!!
You pulverise the skeletal warrior!
The skeletal warrior is heavily damaged!
The skeletal warrior completely misses you!
The tengu conjurer casts a spell!
The tengu conjurer blinks!!!
You pummel the skeletal warrior like a punching bag!
You tail-slap the skeletal warrior!
The skeletal warrior is severely damaged!
The hellwing completely misses you!
The hellwing hits you but does no damage!
The orc warrior misses you!
The skeletal warrior hits you but does no damage!
You pummel the skeletal warrior but do no damage!
Your bite misses the skeletal warrior!
The skeletal warrior is severely damaged!
You redirect the hellwing's attack!!!
The hellwing hits itself! x2
The orc knight begins to attack, but is stunned by your conviction!!!
The skeletal warrior hits you with a +0 short sword!!! * * * don't die
* * * You take 11 damage, and have 4/122 hp!
Okay, then!
Okay, then!
As you read the scroll of holy word, it crumbles to dust!
You speak a Word of immense power!!!
The skeletal warrior convulses!!!
You destroy the skeletal warrior!!!
The hellwing convulses!!!
You annihilate the hellwing!!!
The sun demon convulses!!!
The skeletal warrior convulses!!! x2
The wight convulses!!!
You destroy the wight!!!
The wight convulses!!!
You destroy the wight!!!
You feel less exhausted!
The orc warrior hits you from afar with a +0 halberd!!!!!! rip

,,,,,,,****** *,,,,,** #.......
,,,,,,,,,,,,* *****,,**#..#####
,,,,,,*,***,* **.#....* ,,,,,,*,*
*,** *...##.* # ,,,,,,*,*
*,,***#### *#..##,##### ,,,,,**,*
**,,,,,..# ##....,.....
,,,,***,*********#.###..#,**#####
,**** *,,,,* #####o3z)).#,,,,,,,,
,* ****,**#..@F.*###(#*******, ,*
#.....####Qzo#.#,,,,,,,, ,*
###.#** ###coo#,******* ,* #,*
######C#,,,,,,,, ** ***
##.....o########.
##.......#รท(......
#.......Q#)#######
##.8#8....o....Q..o
#..#!#.....).....##


You could see an orc knight, 2 skeletal warriors, a centaur warrior, a sun demon
(summoned, dazed), a cyclops, a tengu conjurer, an orc warrior, a bullfrog
(corroded), a battlesphere and 2 orcs.

Vanquished Creatures
  Kirke (D:12)
  Azrael (D:13)
  Erolcha (D:12)
  A catoblepas (D:13)
  2 two-headed ogres
  3 centaur warriors
  A tengu warrior (D:15)
  Urug (D:11)
  4 skeletal warriors
  A wizard (D:15)
  2 deep elf pyromancers (D:14)
  A mana viper (shapeshifter) (D:15)
  A wolf spider (D:15)
  An orc sorcerer (D:15)
  2 orc knights
  12 ugly things
  A manticore (D:11)
  Maurice (D:12)
  A centaur zombie (D:11)
  3 ice statues (IceCv)
  A gargoyle (D:15)
  A kobold demonologist (D:12)
  2 efreet
  Psyche (D:14)
  4 yaktaurs (D:14)
  A tengu conjurer (D:12)
  A komodo dragon (D:13)
  4 trolls
  A meliai (D:11)
  A queen bee (shapeshifter) (D:15)
  A vampire (D:14)
  2 wraiths (D:14)
  32 yaks
  2 fire elementals (D:13)
  A vampire mosquito (D:13)
  An acid dragon (D:13)
  3 hell hounds (D:13)
  2 soldier ants
  3 water moccasins
  5 orc warriors
  13 ice beasts
  A black bear (D:11)
  5 necrophages (D:8)
  5 sky beasts
  A wolf (D:11)
  9 ogres
  A boggart (D:14)
  13 centaurs
  3 phantoms
  8 kobold brigands
  5 bullfrogs
  A wyvern zombie (D:6)
  A water moccasin zombie (D:8)
  3 scorpions
  2 wyvern skeletons (D:14)
  A water moccasin skeleton (D:6)
  26 wights
  5 killer bees (D:12)
  10 howler monkeys
  2 bullfrog zombies (D:6)
  4 hounds
  8 jellies
  A quasit (D:12)
  14 orc priests
  2 gnoll shamans
  4 bullfrog skeletons
  6 centaur skeletons
  10 worker ants
  Crazy Yiuf (D:3)
  Ijyb (D:5)
  5 iguanas
  Natasha (thrice) (D:3)
  16 orc wizards
  Terence (D:3)
  2 hound zombies
  A mummy (D:8)
  2 worker ant zombies
  9 adders
  7 gnolls
  A howler monkey skeleton (D:8)
  A river rat (D:10)
  5 shadow imps
  15 white imps
  3 ufetubi
  An adder skeleton (D:5)
  2 adder zombies
  A worm (D:3)
  5 dart slugs
  6 leopard geckos
  67 orcs
  A ball python (D:8)
  4 giant cockroaches
  8 goblins
  3 hobgoblins
  14 jackals
  5 quokkas
  10 bats
  4 frilled lizards
  A jackal skeleton (D:7)
  29 kobolds
  A leopard gecko skeleton (D:5)
  A quokka zombie (D:5)
  6 rats
516 creatures vanquished.

Vanquished Creatures (others)
  A cyclops (D:15)
  A centaur skeleton (D:14)
  A yak (D:11)
  A kobold (D:9)
  A bush (D:15)
  4 plants (D:4)
  A withered plant (D:8)
10 creatures vanquished.

Grand Total: 526 creatures vanquished

Notes
Turn   | Place    | Note
-------+----------+-------------------------------------------
     0 | D:1      | namelastname112 the Draconian Monk began the quest for the
                  | Orb.
     0 | D:1      | Reached XP level 1. HP: 19/19 MP: 1/1
    58 | D:1      | You fall into a shaft and drop 1 floor!
    59 | D:2      | Noticed an ogre
   114 | D:3      | Found a sacrificial altar of Ru.
   119 | D:3      | Became a worshipper of Ru the Awakened
   132 | D:3      | Gained mutation: You cannot be stealthy. [Ru sacrifice]
   300 | D:3      | Reached XP level 2. HP: 23/26 MP: 2/2
   376 | D:1      | Reached skill level 4 in Unarmed Combat
   576 | D:1      | Reached XP level 3. HP: 31/31 MP: 3/3
  1507 | D:2      | Reached XP level 4. HP: 28/38 MP: 4/4
  1528 | D:2      | Killed an ogre
  1529 | D:2      | Reached skill level 5 in Unarmed Combat
  1529 | D:2      | Reached XP level 5. HP: 31/45 MP: 5/5
  1734 | D:2      | Found a sparkling altar of Nemelex Xobeh.
  1941 | D:3      | Noticed Terence
  1952 | D:3      | Killed Terence
  1953 | D:3      | Reached skill level 6 in Unarmed Combat
  2005 | D:3      | Noticed Natasha
  2013 | D:3      | Killed Natasha
  2091 | D:3      | Noticed Natasha
  2099 | D:3      | Killed Natasha
  2669 | D:3      | Found an ornate altar of the Wu Jian Council.
  2711 | D:3      | Noticed Natasha
  2727 | D:3      | Killed Natasha
  2728 | D:3      | Reached XP level 6. HP: 12/51 MP: 6/6
  2960 | D:3      | Found a hazy altar of Hepliaklqana.
  3028 | D:3      | Gained mutation: You are clumsy. (Dex -2) [Ru sacrifice]
  3028 | D:3      | Reached * piety under Ru
  3318 | D:3      | Found a runed translucent door.
  3319 | D:3      | Noticed Crazy Yiuf
  3556 | D:3      | Killed Crazy Yiuf
  3887 | D:4      | Reached skill level 7 in Unarmed Combat
  3939 | D:4      | Found the -2 hat of the Alchemist {rElec rPois rF+ rC+ rN+
                  | Will+ rMut rCorr}
  4320 | D:4      | Found a glowing drain.
  4726 | D:4      | Found a sacrificial altar of Ru.
  4727 | D:4      | Found a burning altar of Makhleb.
  4815 | D:5      | Entered Level 5 of the Dungeon
  4919 | D:4      | Your scales start taking on a golden yellow colour.
  4919 | D:4      | Reached XP level 7. HP: 22/59 MP: 7/7
  4919 | D:4      | Gained mutation: You are resistant to acid. (rCorr) [Yellow
                  | Draconian growth]
  5483 | D:5      | Found a staircase to the Ecumenical Temple.
  5515 | D:5      | Noticed Ijyb
  5551 | D:5      | Reached skill level 5 in Fighting
  5569 | D:5      | Killed Ijyb
  5986 | D:5      | Gained mutation: You cannot study or cast Poison magic. [Ru
                  | sacrifice]
  5986 | D:5      | Gained mutation: You cannot study or cast Hexes magic. [Ru
                  | sacrifice]
  5986 | D:5      | Gained mutation: You cannot study or cast Conjurations
                  | magic. [Ru sacrifice]
  5986 | D:5      | Reached ** piety under Ru
  6099 | Temple   | Entered the Ecumenical Temple
  6149 | D:6      | Found a transporter.
  6177 | D:6      | Noticed a kobold demonologist
  6185 | D:6      | Found a transporter.
  6194 | D:6      | Noticed a kobold demonologist
  6609 | D:6      | Reached skill level 8 in Unarmed Combat
  6609 | D:6      | Reached XP level 8. HP: 5/69 MP: 8/8
  7228 | D:6      | Noticed a troll
  7236 | D:6      | Reached skill level 5 in Dodging
  7270 | D:6      | Killed a troll
  7932 | D:6      | Found a glowing golden altar of the Shining One.
  8123 | D:7      | Reached skill level 9 in Unarmed Combat
  8173 | D:7      | Reached XP level 9. HP: 53/79 MP: 9/9
  9058 | D:7      | Found a sparkling altar of Nemelex Xobeh.
 10081 | D:8      | Found a staircase to the Lair.
 10174 | D:8      | Reached skill level 10 in Unarmed Combat
 10697 | D:9      | Reached XP level 10. HP: 54/88 MP: 10/10
 11378 | D:9      | Found a runed translucent door.
 11379 | D:9      | Noticed wakim's ghost (novice OpVM)
 11661 | D:10     | Entered Level 10 of the Dungeon
 12701 | D:10     | Reached skill level 10 in Fighting
 12869 | D:10     | Reached skill level 11 in Unarmed Combat
 12987 | D:10     | Found a staircase to the Orcish Mines.
 13739 | D:10     | Reached XP level 11. HP: 45/101 MP: 11/11
 14250 | D:10     | Reached skill level 12 in Unarmed Combat
 14250 | D:10     | Reached skill level 5 in Spellcasting
 14250 | D:10     | Reached XP level 12. HP: 104/104 MP: 11/20
 14957 | D:11     | Noticed Urug
 14972 | D:11     | Killed Urug
 15059 | D:11     | Found a frozen archway.
 15086 | D:11     | Reached skill level 13 in Unarmed Combat
 15412 | D:11     | Gained mutation: You occasionally shout uncontrollably at
                  | your foes. [Ru sacrifice]
 15722 | D:11     | Noticed Sonja
 15724 | D:11     | Noticed Sonja
 15724 | D:11     | Sonja changed into Sonja the wolf
 15728 | D:11     | Killed Sonja the wolf
 16383 | D:12     | Found a hide-covered altar of Uskayaw.
 16406 | D:12     | Noticed Erolcha
 16425 | D:12     | Killed Erolcha
 17243 | D:12     | Reached skill level 10 in Dodging
 17554 | D:12     | Noticed Maurice
 17571 | D:12     | Killed Maurice
 18195 | D:12     | Noticed Psyche
 18279 | D:12     | Noticed Kirke
 18293 | D:12     | Killed Kirke
 18561 | D:13     | Found a runed translucent gate.
 18575 | D:13     | Gained mutation: You cannot drink potions while threatened.
                  | [Ru sacrifice]
 18575 | D:13     | Reached *** piety under Ru
 18575 | D:13     | Reached **** piety under Ru
 18590 | D:13     | Found a runed translucent gate.
 18590 | D:13     | Noticed bmj180's ghost (adept DrCj)
 18591 | D:13     | Found a runed translucent gate.
 18622 | D:13     | Noticed a two-headed ogre
 18636 | D:13     | Killed a two-headed ogre
 18912 | D:13     | Noticed Azrael
 19877 | D:13     | Reached XP level 13. HP: 93/118 MP: 21/21
 20070 | D:13     | Reached skill level 14 in Unarmed Combat
 20373 | D:13     | Killed Azrael
 22316 | D:14     | Killed Psyche
 23230 | D:14     | Found a gate to the Vaults.
 23778 | D:15     | Entered Level 15 of the Dungeon
 23907 | D:15     | Found a frozen archway.
 23914 | IceCv    | Entered an ice cave
 25165 | IceCv    | Got a faintly glowing jade ring
 25272 | IceCv    | Identified the ring of Fytoen {Wiz Int+4 Dex+4} (You found
                  | it in an ice cave)
 25399 | D:15     | Reached skill level 15 in Unarmed Combat
 25613 | D:15     | Gained mutation: You have acidic saliva. [Yellow Draconian
                  | growth]
 25613 | D:15     | Reached XP level 14. HP: 130/130 MP: 22/22
 25775 | D:15     | HP: 4/122 [skeletal warrior/+0 short sword[a skeletal
                  | warrior] (12)]
 25776 | D:15     | Demolished by an orc warrior

Illustrated notes

Levels and vault maps discovered:
D:1:      dpeg_arrival_short_road, layout_basic, hangedman_decor_slide_cut
D:2:      layout_rooms, nemelex_altar_shiori
D:3:      layout_basic, nzn_hepliaklqana_mist_gate, general_overflow_altar,
          nicolae_ru_awakened_eye, uniq_terence, uniq_natasha,
          uniq_crazy_yiuf_cottage
D:4:      layout_loops_corners, gammafunk_temple_overflow_statue,
          gup_sewer_entry_glass, serial_bayou_lake_a
D:5:      layout_cave_pools, minmay_temple_entry_hall, uniq_ijyb
D:6:      gammafunk_wand_slinger, layout_cave_pods,
          nicolae_overflow_hidden_temple, kennysheep_generic_room_6
D:7:      layout_loops_ring, nemelex_diamond_rough_becter
D:8:      kennysheep_blocky_room, layout_basic, serial_undead, serial_undead_e,
          serial_undead_e, serial_undead_d, serial_undead_e, serial_undead_a,
          serial_undead_f, chequers_hall_statues_wall_a
D:9:      layout_roguey, ebering_ghost_reflecting_pool
D:10:     layout_rooms, erik_orc_2, nicolae_sextant
D:11:     layout_grid_maze, portal_ice_cave_entry_imps, minmay_misc_feat_plants,
          small_chamber_with_monster, uniq_urug, uniq_sonja
D:12:     layout_basic, serial_co_window_serial, co_window_of_opportunity_a,
          co_window_corner_a, co_window_cross_1, co_window_paths_a,
          co_window_corner_a, co_window_of_opportunity_a,
          co_window_of_opportunity_a, co_window_broadway_b,
          co_window_unsneaky_path_b, co_window_cross_3, glass_columns_b,
          glass_columns_c, glass_columns_b, glass_columns_a, glass_columns_a,
          basic_altar, enter_bailey_5, uniq_maurice, uniq_erolcha, uniq_psyche,
          uniq_kirke
D:13:     layout_irregular_city, gammafunk_ghost_nasty_kobolds,
          kennysheep_generic_room_11, uniq_azrael
D:14:     layout_roguey, hangedman_vaults_entry_quadrant_bands,
          minmay_parallelograms
D:15:     grunt_enter_depths_snipers, layout_rooms,
          portal_ice_cave_demonic_guard, minivault_27, serial_park_tiny_2,
          minmay_statues_item
Temple:   nicolae_temple_elliptical

Skill      XL: |  1  2  3  4  5  6  7  8  9 10 11 12 13 14 |
---------------+-------------------------------------------+-----
Stealth        | 0 |  0.0
Unarmed Combat | 4 5 6 7 8 9 10 11 12 13 15 | 15.1
Dodging        | 3 4 5 7 8 9 10 11 12 | 12.0
Fighting       | 4 5 7 8 10 12 13 14 | 14.0
Spellcasting   | 5 |  5.6

Action                   |  1- 3 |  4- 6 |  7- 9 | 10-12 | 13-15 || total
-------------------------+-------+-------+-------+-------+-------++-------
Melee: Unarmed           |   134 |   194 |   614 |   850 |   621 ||  2413
       Tailslap          |    14 |    25 |    90 |   139 |   105 ||   373
       Punch             |     2 |     4 |    25 |    44 |    64 ||   139
       Bite              |       |       |       |       |    12 ||    12
Throw: Dart              |       |       |     1 |       |       ||     1
Invok: Sacrifice Stealth |     1 |       |       |       |       ||     1
       Sacrifice Purity  |       |     1 |       |     1 |       ||     2
       Sacrifice Arcana  |       |       |     1 |       |       ||     1
       Reject Sacrifices |       |       |     1 |       |     1 ||     2
       Sacrifice Drink   |       |       |       |     1 |       ||     1
       Draw Out Power    |       |       |       |       |     8 ||     8
       Power Leap        |       |       |       |       |     2 ||     2
 Abil: Breathe Acid      |       |       |     4 |    19 |    12 ||    35
Evoke: Wand              |       |     5 |     3 |    13 |    17 ||    38
  Use: Potion            |     2 |     1 |     3 |     1 |     2 ||     9
       Scroll            |       |    15 |       |    15 |     8 ||    38
 Stab: Sleeping          |     2 |       |       |       |       ||     2
       Paralysed         |       |     7 |     5 |     4 |       ||    16
       Invisible         |       |       |     1 |     4 |     2 ||     7
       Distracted        |       |       |     1 |       |     5 ||     6
       Petrified         |       |       |       |       |     1 ||     1
       Fleeing           |       |       |       |       |     1 ||     1
Armor: Skin              |    46 |    54 |   134 |   155 |    96 ||   485
Dodge: Dodged            |   106 |   104 |   438 |   658 |   530 ||  1836

Table legend: (Time is in decaauts)
 A = Elapsed time spent in this place.
 B = Non-inter-level travel time spent in this place.
 C = Inter-level travel time spent in this place.
 D = Time resting spent in this place.
 E = Time spent auto-exploring this place.
 F = Levels seen in this place.
 G = Mean time per level.
                   A        B        C        D        E       F      G
               +--------+--------+--------+--------+--------+-----+--------+
         Total |  25309 |  24737 |    572 |   8214 |  12505 |  17 | 1488.8 |
       Dungeon |  23941 |  23369 |    572 |   7054 |  12505 |  15 | 1596.1 |
        Temple |      1 |      1 |      0 |      0 |      0 |   1 |    1.0 |
      Ice Cave |   1365 |   1365 |      0 |   1160 |      0 |   1 | 1365.0 |
               +--------+--------+--------+--------+--------+-----+--------+

Top non-repeatable levels by time:
    D:12: 2884 daAuts
    D:14: 2411 daAuts
    D:10: 2358 daAuts
    D:13: 2175 daAuts
     D:3: 2034 daAuts
     D:6: 1949 daAuts
    D:11: 1639 daAuts
     D:4: 1473 daAuts
     D:9: 1464 daAuts
   IceCv: 1365 daAuts
     D:7: 1292 daAuts
     D:8: 1196 daAuts
     D:1: 1019 daAuts
     D:5: 976 daAuts
     D:2: 597 daAuts
